 Dungeon Crawl Stone Soup version 0.30-a0-1016-gfb0d676c02 (webtiles) character file.

Game seed: 10797728858074372223

7724 holysushi the Cleaver (level 11, -2/82 HPs)
             Began as a Yellow Draconian Monk on Apr 7, 2023.
             Was a Follower of Uskayaw.
             Slain by a polar bear (10 damage)
             ... on level 1 of the Lair of Beasts.
             The game lasted 00:15:27 (10610 turns).

holysushi the Cleaver (Yellow Draconian Monk)      Turns: 10610, Time: 00:15:28

Health: -2/82      AC:  8    Str: 14    XL:     11   Next: 0%
Magic:  11/11      EV: 25    Int: 11    God:    Uskayaw [*.....]
Gold:   27         SH:  5    Dex: 23    Spells: 10/10 levels left

rFire   . . .      SeeInvis .    A - +1 battleaxe (venom)
rCold   . . .      Faith    .    (shield currently unavailable)
rNeg    . . .      Spirit   .    (body armour unavailable)
rPois   .          Reflect  +    (helmet restricted)
rElec   .          Rampage  .    (no cloak)
rCorr   +                        (no gloves)
Will    .....                    e - +0 pair of boots
Stlth   ++                       n - amulet of reflection
HPRegen 0.33/turn                j - +6 ring of dexterity
MPRegen 0.12/turn                r - +5 ring of evasion

@: hasted, very quick
A: spit acid, AC +7, unfitting armour, cold-blooded, acid resistance
a: Breathe Acid, Renounce Religion, Stomp


You were on level 1 of the Lair of Beasts.
You worshipped Uskayaw.
Uskayaw was noncommittal.
You visited 3 branches of the dungeon, and saw 12 of its levels.

You collected 479 gold pieces.
You spent 452 gold pieces at shops.

Inventory:

Hand Weapons
 a - a +0 short sword
 d - a +1 dagger of draining
 m - a +5 hand axe
 q - a +1 sling of flaming
 A - a +1 battleaxe of venom (weapon)
Armour
 e - a +0 pair of boots (worn)
Jewellery
 c - a ring of positive energy
 f - a ring of magical power
 h - the ring of Suynt {Fly rF+ rC+ Stlth+}
   (You found it on level 7 of the Dungeon)

   [ring of flight]

   rF:        It protects you from fire.
   rC:        It protects you from cold.
   Fly:       It grants you flight.
   Stlth:     It makes you more stealthy.
 j - a +6 ring of dexterity (left hand)
 n - an amulet of reflection (around neck)
 r - a +5 ring of evasion (right hand)
 t - a ring of see invisible
Wands
 p - a wand of roots (4)
 u - a wand of flame (22)
 w - a wand of light (13)
Scrolls
 g - a scroll of identify
 i - 3 scrolls of amnesia
 l - 3 scrolls of poison
 o - a scroll of vulnerability {unknown}
 v - 7 scrolls of teleportation
 x - a scroll of blinking
 y - a scroll of fear {unknown}
 B - a scroll of fog
 E - 2 scrolls of magic mapping
Potions
 b - 3 potions of ambrosia
 k - 2 potions of brilliance
 s - 4 potions of lignification
 z - a potion of might
 F - 2 potions of mutation
 G - a potion of magic
 H - a potion of invisibility {unknown}


   Skills:
 + Level 3.5 Fighting
 - Level 3.0 Short Blades
 * Level 13.2 Axes
 + Level 10.0 Dodging
 - Level 1.7 Stealth
 + Level 0.5 Invocations
 + Level 0.6 Evocations


You had 10 spell levels left.
You didn't know any spells.
Your spell library contained the following spells:

 Spells                   Type           Power      Damage    Failure   Level
 Magic Dart               Conj           0%         1d3       34%         1
 Summon Small Mammal      Summ           0%         N/A       34%         1
 Scorch                   Fire           0%         2d5       47%         2
 Searing Ray              Conj           0%         2d4       47%         2
 Call Canine Familiar     Summ           0%         N/A       71%         3
 Frozen Ramparts          Ice            0%         1d1       71%         3
 Hailstorm                Conj/Ice       0%         3d3       71%         3
 Summon Guardian Golem    Hex/Summ       0%         N/A       71%         3
 Flame Wave               Conj/Fire      0%         2d4       98%         4
 Fulminant Prism          Conj/Hex       0%         3d5       98%         4
 Ice Form                 Ice/Tmut       0%         N/A       98%         4
 Leda's Liquefaction      Hex/Erth       0%         N/A       98%         4
 Summon Ice Beast         Ice/Summ       0%         N/A       98%         4
 Summon Lightning Spire   Summ/Air       0%         N/A       98%         4
 Lee's Rapid Deconstruct  Erth           0%         3d4*      100%        5
 Simulacrum               Ice/Necr       0%         N/A       100%        6
 Statue Form              Tmut/Erth      0%         N/A       100%        6
 Summon Cactus Giant      Summ           0%         N/A       100%        6
 Storm Form               Tmut/Air       0%         N/A       100%        7
 Maxwell's Capacitive Co  Air            0%         ∞         100%        8


Dungeon Overview and Level Annotations

Branches:
Dungeon (10/15) Zot: 26709  Temple (1/1) D:7 Zot: 5823    Lair (1/5) D:8 Zot: 5921
    Orc: D:9-12

Altars:
Ashenzari
Cheibriados
Dithmenos
Elyvilon
Fedhas
Gozag
Hepliaklqana
Kikubaaqudgha
Makhleb
Nemelex Xobeh
Okawaru
Qazlal
Ru
Sif Muna
Trog
Uskayaw
Vehumet
Wu Jian
Xom
Yredelemnul
Zin
The Shining One

Shops:
D:4 (   D:8 (   D:9 [(!

Annotations:
D:6 3 runed translucent doors, Sleet's ghost, novice MiBe
D:8 2 transporters, jimonade's ghost, novice HOMo
D:9 1 runed translucent door, freelancePsychic's ghost, novice DrEn


Innate Abilities, Weirdness & Mutations

You can spit globs of acid.
Your golden yellow scales are hard. (AC +7)
You cannot fit into any form of body armour.
You are cold-blooded and may be slowed by cold attacks.
You are resistant to acid. (rCorr)


Message History

You can no longer pass through a line of other dancers.
You are no longer poisoned.
Your limbs are stiffening.
You have turned to stone.
The rime drake breathes ice at you. The icy flash freeze hits you!
You are encased in ice.
The ice encasing you melts away. The polar bear bites you.
The polar bear claws you but does no damage.
The polar bear claws you.
The polar bear bites you but does no damage.
The polar bear claws you but does no damage. x2
The basilisk bites you!
* * * LOW HITPOINT WARNING * * *
The polar bear completely misses you. The polar bear claws you.
* * * LOW HITPOINT WARNING * * *
The polar bear claws you but does no damage.
The basilisk bites you.
* * * LOW HITPOINT WARNING * * *
The polar bear bites you.
* * * LOW HITPOINT WARNING * * *
The polar bear claws you but does no damage.
The polar bear claws you.
* * * LOW HITPOINT WARNING * * *
The basilisk bites you.
* * * LOW HITPOINT WARNING * * *
The rime drake bites you but does no damage.
The polar bear bites you!
* * * LOW HITPOINT WARNING * * *
The polar bear claws you but does no damage.
The polar bear claws you.
* * * LOW HITPOINT WARNING * * *
The basilisk gazes at you.
You turn to flesh and can move again.
Unknown command.
You feel yourself speed up. The rime drake bites you.
* * * LOW HITPOINT WARNING * * *
The polar bear bites you!
You die...

......#.###
####......#
##....†#######
#......#.#.#.##
##....†.......#
######.......#####
#.......(...#
#.....hlk...##
#######@.....# # ####
##....## #.#..P####
#.....# .........##
##....# .........P#
#....##
.......<.#######.....#
.....................#
.########...........##
#............#


You could see a polar bear, a basilisk and a rime drake.

Vanquished Creatures
  A centaur warrior (D:10)
  Pikel (D:7)
  A cane toad (Lair:1)
  Prince Ribbit (D:7)
  3 trolls
  A shadow (D:9)
  A wyvern (D:10)
  5 yaks (D:9)
  A wraith (D:9)
  3 water moccasins
  An orc warrior (D:9)
  A black bear (D:6)
  An ice beast (D:5)
  2 sky beasts
  2 ogres (D:5)
  2 centaurs
  2 wolves (D:8)
  3 kobold brigands
  2 phantoms
  6 bullfrogs
  A gnoll sergeant (D:9)
  2 scorpions
  7 wights (D:8)
  6 killer bees (D:8)
  A howler monkey (D:7)
  4 electric eels (D:8)
  A gnoll bouda (D:9)
  6 hounds
  A jelly (D:5)
  14 orc priests
  3 sleepcaps
  5 iguanas
  13 orc wizards
  8 gnolls
  11 adders
  A shadow imp (D:6)
  3 worms
  4 dart slugs
  24 orcs
  5 bats
  6 endoplasms
  5 giant cockroaches
  4 hobgoblins
  5 jackals
  3 quokkas
  7 ball pythons
  A frilled lizard (D:1)
  2 goblins (D:2)
  18 kobolds
  2 rats
213 creatures vanquished.

Vanquished Creatures (others)
  An orc (D:8)
  A plant (Lair:1)
2 creatures vanquished.

Grand Total: 215 creatures vanquished

Notes
Turn   | Place    | Note
-------+----------+-------------------------------------------
     0 | D:1      | holysushi the Draconian Monk began the quest for the Orb.
     0 | D:1      | Reached XP level 1. HP: 19/19 MP: 1/1
   186 | D:1      | Reached XP level 2. HP: 26/26 MP: 1/2
   565 | D:2      | Found a sacrificial altar of Ru.
   579 | D:2      | Reached XP level 3. HP: 31/31 MP: 3/3
  1431 | D:2      | Reached XP level 4. HP: 33/38 MP: 4/4
  1487 | D:3      | Found a hazy altar of Hepliaklqana.
  1604 | D:3      | Reached skill level 5 in Dodging
  1672 | D:3      | Found a shadowy altar of Dithmenos.
  1746 | D:3      | Reached XP level 5. HP: 39/45 MP: 5/5
  1790 | D:3      | Found a transporter.
  1809 | D:3      | Found a transporter.
  2408 | D:4      | Found a radiant altar of Vehumet.
  2628 | D:4      | Found Rumebbagaq's Antique Weapon Shoppe.
  2649 | D:4      | Reached XP level 6. HP: 51/51 MP: 6/6
  2845 | D:4      | Bought a glowing battleaxe for 228 gold pieces
  2994 | D:5      | Entered Level 5 of the Dungeon
  3111 | D:5      | Reached skill level 1 in Axes
  3141 | D:5      | Reached skill level 2 in Axes
  3158 | D:5      | Noticed an ice beast
  3181 | D:5      | Reached skill level 3 in Axes
  3181 | D:5      | Your scales start taking on a golden yellow colour.
  3181 | D:5      | Reached XP level 7. HP: 55/57 MP: 7/7
  3181 | D:5      | Gained mutation: You are resistant to acid. (rCorr) [Yellow
                  | Draconian growth]
  3378 | D:5      | Reached skill level 4 in Axes
  3664 | D:5      | Reached skill level 5 in Axes
  3744 | D:5      | Reached skill level 6 in Axes
  3835 | D:5      | Reached XP level 8. HP: 46/63 MP: 8/8
  4668 | D:6      | Reached skill level 7 in Axes
  4681 | D:6      | Found a runed translucent gate.
  4682 | D:6      | Found a runed translucent gate.
  4682 | D:6      | Found an opulent altar of Gozag.
  4683 | D:6      | Found a runed translucent gate.
  4684 | D:6      | Noticed Sleet's ghost (novice MiBe)
  4711 | D:6      | Found a glowing golden altar of the Shining One.
  5017 | D:6      | Found a stormy altar of Qazlal.
  5113 | D:6      | Reached skill level 8 in Axes
  5591 | D:6      | Found an iron altar of Okawaru.
  5980 | D:7      | Found a staircase to the Ecumenical Temple.
  6080 | D:7      | Reached XP level 9. HP: 68/70 MP: 9/9
  6080 | D:7      | Identified the ring of Suynt {Fly rF+ rC+ Stlth+}
  6121 | Temple   | Entered the Ecumenical Temple
  6300 | D:7      | Noticed Pikel
  6306 | D:7      | Killed Pikel
  6307 | D:7      | Reached skill level 9 in Axes
  6388 | D:7      | Noticed Prince Ribbit
  6399 | D:7      | Killed Prince Ribbit
  6473 | D:7      | Reached skill level 10 in Axes
  7157 | D:8      | Noticed a troll
  7175 | D:8      | Killed a troll
  7176 | D:8      | Reached skill level 11 in Axes
  7274 | D:8      | Found a transporter.
  7281 | D:8      | Noticed jimonade's ghost (novice HOMo)
  7319 | D:8      | Reached XP level 10. HP: 48/77 MP: 10/10
  7521 | D:8      | Found a staircase to the Lair.
  8194 | D:8      | Noticed a manticore
  8210 | D:8      | Found a transporter.
  8389 | D:8      | Found Peclesiafo's Weapon Emporium.
  8829 | D:9      | Found Efipn's Armour Shoppe.
  8900 | D:9      | Identified the +2 helmet of Goit {Regen+ Stlth+}
  9164 | D:9      | Reached skill level 12 in Axes
  9490 | D:9      | Found Moidwayp's Distillery.
  9563 | D:9      | Bought a potion of mutation for 112 gold pieces
  9565 | D:9      | Bought a potion of magic for 112 gold pieces
  9591 | D:9      | Found Cofawan's Weapon Boutique.
  9604 | D:9      | Found a runed translucent door.
  9604 | D:9      | Noticed freelancePsychic's ghost (novice DrEn)
  9625 | D:9      | Found a blossoming altar of Fedhas.
  9689 | D:9      | Found a hide-covered altar of Uskayaw.
  9695 | D:9      | Found a broken altar of Ashenzari.
  9859 | D:9      | Became a worshipper of Uskayaw the Reveller
  9859 | D:9      | Reached * piety under Uskayaw
 10244 | D:10     | Entered Level 10 of the Dungeon
 10276 | D:10     | Noticed a centaur warrior
 10283 | D:10     | Reached ** piety under Uskayaw
 10292 | D:10     | Killed a centaur warrior
 10293 | D:10     | Reached skill level 13 in Axes
 10483 | D:10     | Reached skill level 10 in Dodging
 10533 | Lair:1   | Entered Level 1 of the Lair of Beasts
 10577 | Lair:1   | Noticed a cane toad
 10597 | Lair:1   | Killed a cane toad
 10598 | Lair:1   | Reached XP level 11. HP: 31/82 MP: 11/11
 10610 | Lair:1   | Slain by a polar bear

Illustrated notes

Levels and vault maps discovered:
D:1:      dpeg_arrival_tiny_f, layout_rooms
D:2:      layout_loops_ring, basic_altar
D:3:      gammafunk_wand_slinger, layout_loops_ring,
          nicolae_dithmenos_shadow_blocks, amcnicky_altar_gilded,
          minmay_misc_feat_rugged, grunt_ministairs_13, minmay_misc_feat_tower
D:4:      layout_loops_ring, nicolae_vehumet_altar_sigil, nicolae_stop_n_shop_1
D:5:      layout_layer_cave
D:6:      layout_basic, mainiacjoe_overflow_24_doors, kennysheep_mini,
          lemuel_coloured_pillars_altar, ebering_ghost_gozag
D:7:      layout_basic, temple_doors_e, uniq_prince_ribbit1, uniq_pikel
D:8:      layout_cave_pods, erik_lair_island, serial_shops, shop,
          gammafunk_ghost_arena
D:9:      layout_irregular_city, amethyst_overflow_temple_binary,
          mainiacjoe_overflow_alcove_2, serial_shops, nicolae_take_the_stairs,
          shop, nicolae_diamond_shop, ebering_ghost_inner_flame
D:10:     layout_roguey, david_orc_5, serial_shops, shop,
          hangedman_abyss_or_decor_lesser_grid,
          minmay_fractal_squares_diagonal_5, uniq_erolcha
Temple:   nicolae_temple_bog_church
Lair:1:   layout_cellular_growth, special_room [special_room_bee],
          infiniplex_staircase_pool

Skill      XL: |  1  2  3  4  5  6  7  8  9 10 |
---------------+-------------------------------+-----
Dodging        | 3 4 5 6 7 8 10 | 10.0
Axes           | 3 6 8 11 13 | 13.2
Fighting       | |  3.5
Short Blades   | |  3.0
Stealth        | |  1.7
Invocations    | |  0.5
Evocations     | |  0.6

Action                     |  1- 3 |  4- 6 |  7- 9 | 10-12 || total
---------------------------+-------+-------+-------+-------++-------
  Melee: Short sword       |    27 |       |       |       ||    27
         Dagger            |    78 |   139 |       |       ||   217
         Tailslap          |     9 |    19 |    39 |    18 ||    85
         Punch             |     2 |     2 |       |       ||     4
         Battleaxe         |       |    14 |   232 |   134 ||   380
Ability: Breathe Acid      |       |       |    13 |    12 ||    25
  Evoke: Wand              |       |     4 |       |     6 ||    10
    Use: Scroll            |       |       |    14 |     6 ||    20
         Potion            |       |       |     3 |     2 ||     5
   Stab: Sleeping          |     5 |     6 |     7 |     2 ||    20
         Distracted        |       |     1 |       |       ||     1
 Armour: Skin              |    23 |    28 |    54 |    33 ||   138
  Dodge: Dodged            |    70 |    79 |   226 |   161 ||   536
  Block: Other             |       |    22 |    67 |    41 ||   130
         Reflection        |       |       |       |     2 ||     2

Table legend: (Time is in decaauts)
 A = Elapsed time spent in this place.
 B = Non-inter-level travel time spent in this place.
 C = Inter-level travel time spent in this place.
 D = Time resting spent in this place.
 E = Time spent auto-exploring this place.
 F = Levels seen in this place.
 G = Mean time per level.
                   A        B        C        D        E       F      G
               +--------+--------+--------+--------+--------+-----+--------+
         Total |  10681 |  10081 |    600 |   1689 |   6008 |  12 |  890.1 |
       Dungeon |  10426 |   9843 |    583 |   1689 |   5830 |  10 | 1042.6 |
        Temple |    176 |    160 |     16 |      0 |    143 |   1 |  176.0 |
          Lair |     77 |     77 |      0 |      0 |     35 |   1 |   77.0 |
               +--------+--------+--------+--------+--------+-----+--------+

Top non-repeatable levels by time:
     D:8: 1985 daAuts
     D:5: 1560 daAuts
     D:9: 1402 daAuts
     D:6: 1323 daAuts
     D:3: 959 daAuts
     D:7: 852 daAuts
     D:2: 845 daAuts
     D:4: 763 daAuts
     D:1: 478 daAuts
    D:10: 254 daAuts
  Temple: 176 daAuts
  Lair:1: 77 daAuts
